 Dungeon Sprint DCSS version 0.20-a0-1008-g0de3dc5 (webtiles) character file.

82 Monsterracer the Gusty (level 4, -1/24 HPs)
             Began as a Tengu Air Elementalist on Apr 14, 2017.
             Was an Initiate of Vehumet.
             Slain by a hippogriff (3 damage)
             ... in the Dungeon (Sprint IX: "|||||||||||||||||||||||||||||").
             The game lasted 00:04:28 (415 turns).

Monsterracer the Gusty (Tengu Air Elementalist)      Turns: 415, Time: 00:04:29

Health: -1/24      AC:  4    Str:  9    XL:     4   Next: 43%
Magic:  11/13      EV: 12    Int: 24    God:    Vehumet [......]
Gold:   0          SH:  0    Dex: 14    Spells: 15/16 levels left

rFire    . . .     SeeInvis .   q - +2 scimitar of Darkness {elec, rC+ MR+ Int+5}
rCold    + . .     Gourm    .   (no shield)
rNeg     . . .     Faith    .   a - +0 robe
rPois    .         Spirit   .   (helmet restricted)
rElec    .         Reflect  .   (no cloak)
rCorr    .         Harm     .   (no gloves)
MR       +....     NoTele   +   (boots unavailable)
Stlth    ++........             (no amulet)
Regen    0.1/turn               n - +2 ring of protection
MPRegen  0.2/turn               o - +3 ring of intelligence

@: no status effects
A: beak, talons 3
a: Renounce Religion


You were in the Dungeon.
You worshipped Vehumet.
Vehumet was noncommittal.
You were not hungry.

You visited 1 branch

Inventory:

Hand Weapons
 q - the +2 scimitar of Darkness (weapon) {elec, rC+ MR+ Int+5}
   (You found it in the Dungeon)

   Occasionally, upon striking a foe, it will discharge some electrical energy
   and cause terrible harm.
   It affects your intelligence (+5).
   It protects you from cold.
   It affects your resistance to hostile enchantments.
Armour
 a - a +0 robe (worn)
Jewellery
 n - a +2 ring of protection (left hand)
 o - a +3 ring of intelligence (right hand)
Wands
 m - a wand of iceblast (7/15)
Scrolls
 i - 2 scrolls of blinking
 k - 3 scrolls of remove curse
 l - 2 scrolls of amnesia
Potions
 d - 5 potions of curing
 e - 3 potions of heal wounds
 f - a potion of haste
 g - 4 potions of magic
 h - a potion of invisibility
Books
 b - a book of Air

   Spells                             Type                      Level
   a - Shock                          Conjuration/Air              1
   b - Swiftness                      Charms/Air                   2
   c - Static Discharge               Conjuration/Air              3
   d - Airstrike                      Air                          4
   e - Lightning Bolt                 Conjuration/Air              5
Comestibles
 c - a bread ration


   Skills:
 - Level 2.1 Dodging
 - Level 2.0 Stealth
 - Level 6.5 Spellcasting
 + Level 1.3 Conjurations
 - Level 7.4 Air Magic


You had 15 spell levels left.
You knew the following spells:

 Your Spells              Type           Power        Failure   Level  Hunger
a - Shock                 Conj/Air       ####         1%          1    None


Dungeon Overview and Level Annotations

Branches:
Dungeon (1/1)

Altars:
Cheibriados
Dithmenos
Elyvilon
Fedhas
Gozag
Hepliaklqana
Kikubaaqudgha
Makhleb
Nemelex Xobeh
Okawaru
Qazlal
Ru
Sif Muna
Trog
Uskayaw
Vehumet
Wu Jian
Xom
Yredelemnul
Zin
The Shining One
Beogh
Jiyva
Lugonu


Innate Abilities, Weirdness & Mutations

You have a beak for a mouth.
You have claws for feet.


Message History

The zap hits the ogre.
The ogre is lightly wounded.
The hippogriff bites you!
* * * LOW HITPOINT WARNING * * *
The hippogriff barely misses you. The hippogriff claws you.
* * * LOW HITPOINT WARNING * * *
Are you sure you want to abandon this character and quit the game? (Confirm with "yes".)
Okay, then.
Unknown command.
Unknown command.
You slash the hippogriff! Your peck misses the hippogriff.
The hippogriff is moderately wounded.
The hippogriff bites you.
* * * LOW HITPOINT WARNING * * *
The hippogriff barely misses you.
The hippogriff claws you but does no damage.
You barely miss the hippogriff.
The hippogriff is moderately wounded.
The hippogriff bites you.
You die...

▓_▓
▓_▓
▓_▓
▓'▓
▓.▓
▓.▓
▓|▓
▓)▓
▓@▓
▓H▓
▓h▓
▓Y▓
▓J▓
▓O▓
▓W▓
▓.▓
▓.▓


You could see a hippogriff, a yak, a hungry ghost, an ogre, a hound and a jelly.

Vanquished Creatures
  A jelly (D)
  2 worker ants (D)
  An adder skeleton (D)
  A ball python skeleton (D)
  2 bats (D)
  A frilled lizard (D)
  A kobold (D)
  A rat (D)
10 creatures vanquished.

Notes
Turn   | Place    | Note
-------+----------+-------------------------------------------
     0 | D        | Monsterracer the Tengu Air Elementalist began the quest for the Orb.
     0 | D        | Reached XP level 1. HP: 10/10 MP: 4/4
    46 | D        | Noticed a worker ant
    46 | D        | Noticed a jelly
    46 | D        | Noticed a worker ant
    53 | D        | Killed a worker ant
    53 | D        | Reached skill level 5 in Air Magic
    53 | D        | Reached XP level 2. HP: 14/15 MP: 0/8
    53 | D        | Reached XP level 3. HP: 17/19 MP: 0/10
    54 | D        | Reached skill level 6 in Air Magic
    56 | D        | Reached skill level 5 in Spellcasting
    56 | D        | Reached XP level 4. HP: 23/24 MP: 0/12
    59 | D        | Reached skill level 7 in Air Magic
   286 | D        | Found a roughly hewn altar of Beogh.
   286 | D        | Found a snail-covered altar of Cheibriados.
   286 | D        | Found a shadowy altar of Dithmenos.
   286 | D        | Found a white marble altar of Elyvilon.
   286 | D        | Found a blossoming altar of Fedhas.
   286 | D        | Found an opulent altar of Gozag.
   287 | D        | Found a hazy altar of Hepliaklqana.
   288 | D        | Found a viscous altar of Jiyva.
   289 | D        | Found an ancient bone altar of Kikubaaqudgha.
   290 | D        | Found a corrupted altar of Lugonu.
   291 | D        | Found a burning altar of Makhleb.
   292 | D        | Found a sparkling altar of Nemelex Xobeh.
   293 | D        | Found an iron altar of Okawaru.
   294 | D        | Found a stormy altar of Qazlal.
   295 | D        | Found a sacrificial altar of Ru.
   296 | D        | Found a deep blue altar of Sif Muna.
   297 | D        | Found a bloodstained altar of Trog.
   298 | D        | Found a hide-covered altar of Uskayaw.
   299 | D        | Found a radiant altar of Vehumet.
   300 | D        | Found an ornate altar of the Wu Jian Council.
   301 | D        | Found a shimmering altar of Xom.
   302 | D        | Found a basalt altar of Yredelemnul.
   303 | D        | Found a glowing silver altar of Zin.
   304 | D        | Found a glowing golden altar of the Shining One.
   307 | D        | Became a worshipper of Vehumet
   382 | D        | Got the +2 scimitar of Darkness {elec, rC+ MR+ Int+5}
   407 | D        | Noticed a hippogriff
   407 | D        | Noticed a yak
   407 | D        | Noticed an ogre
   407 | D        | Noticed a hungry ghost
   414 | D        | HP: 1/24 [hippogriff (1)]
   415 | D        | Slain by a hippogriff

Vault maps used:
D:        linesprint

Skill      XL: |  1  2  3  4 |
---------------+-------------+-----
Spellcasting   | 4 5 6 |  6.5
Air Magic      | 5 6 7 |  7.4
Dodging        | |  2.1
Stealth        | |  2.0
Conjurations   | |  1.3

Action                   |  1- 3 |  4- 6 || total
-------------------------+-------+-------++-------
Melee: Club              |     3 |     3 ||     6
       Peck              |     1 |     1 ||     2
       Scimitar          |       |     2 ||     2
 Cast: Shock             |     6 |     2 ||     8
  Use: Potion            |     1 |       ||     1
Armor: Robe              |     4 |     2 ||     6
Dodge: Dodged            |     4 |     5 ||     9
